 Dungeon Crawl Stone Soup version 0.31-a0-963-ga325b2283a (webtiles) character file.

Game seed: 5318937602909250874

56 Morbidden the Trooper (level 3, -2/33 HPs)
             Began as a Minotaur Fighter on Oct 24, 2023.
             Slain by a gnoll
             ... wielding a +0 halberd
              (6 damage)
             ... on level 3 of the Dungeon.
             The game lasted 00:01:37 (1667 turns).

Morbidden the Trooper (Minotaur Fighter)            Turns: 1667, Time: 00:01:38

Health: -2/33      AC:  7    Str: 22    XL:     3   Next: 71%
Magic:  2/2        EV:  9    Int:  5    God:
Gold:   47         SH:  4    Dex:  9    Spells: 2/2 levels left

rFire   + . .        a - +0 war axe
rCold   . . .        c - +0 buckler
rNeg    . . .        b - +0 scale mail
rPois   .            (helmet restricted)
rElec   .            (no cloak)
rCorr   .            (no gloves)
SInv    .            (no boots)
Will    .....        (no amulet) Stlth
                     h - ring of protection from fire
HPRegen 0.25/turn    (no ring)
MPRegen 0.08/turn

%: no passive effects
@: no status effects
A: horns 2, retaliatory headbutt
a: no special abilities


You were on level 3 of the Dungeon.
You visited 1 branch of the dungeon, and saw 3 of its levels.

You collected 146 gold pieces.
You spent 99 gold pieces at shops.

Inventory:

Hand Weapons
 a - a +0 war axe (weapon)
Armour
 b - a +0 scale mail (worn)
 c - a +0 buckler (worn)
Jewellery
 h - a ring of protection from fire (left hand)
Talismans
 n - a serpent talisman
Scrolls
 e - 2 scrolls of teleportation {unknown}
 j - a scroll of immolation {unknown}
 k - a scroll of acquirement {unknown}
 m - a scroll of noise {unknown}
 o - a scroll of blinking {unknown}
 p - a scroll of enchant weapon {unknown}
Potions
 d - 2 potions of might
 f - a potion of curing {unknown}
 g - a potion of ambrosia {unknown}
 i - a potion of haste {unknown}
 l - a potion of berserk rage {unknown}
 q - a potion of heal wounds


   Skills:
 * Level 4.3 Fighting
 * Level 3.0 Axes
 * Level 4.1 Armour
 * Level 0.8 Dodging
 * Level 4.0 Shields
 * Level 0.2 Shapeshifting


You had 2 spell levels left.
You didn't know any spells.
Your spell library contained the following spells:

 Spells                   Type           Power      Damage    Failure   Level
 Call Canine Familiar     Summ           0%         N/A       99%         3
 Sigil of Binding         Hex            0%         N/A       99%         3
 Dimensional Bullseye     Hex/Tloc       0%         N/A       100%        4
 Leda's Liquefaction      Hex/Erth       0%         N/A       100%        4


Dungeon Overview and Level Annotations

Branches:
Dungeon (3/15)

Altars:
Elyvilon

Shops:
D:2 ((!*


Innate Abilities, Weirdness & Mutations

You have a pair of horns on your head.
You reflexively headbutt those who attack you in melee.


Message History

Unknown command.
You slash the gnoll!
The gnoll is heavily wounded.
You miss the kobold. You block the kobold's attack.
The gnoll barely misses you.
You barely miss the gnoll.
The gnoll is heavily wounded.
You hit the kobold but do no damage. You block the gnoll's attack.
The kobold hits you but does no damage. The gnoll hits you with a +0 club.
Unknown command.
You barely miss the gnoll.
The gnoll is heavily wounded.
You hit the endoplasm. You hit the kobold.
The gnoll hits you but does no damage. The kobold hits you with a +0 dagger.
The gnoll hits you from afar with a +0 halberd!
You block the gnoll's attack. The endoplasm barely misses you.
The endoplasm closely misses you. You block the gnoll's attack.
The kobold hits you with a +0 dagger. The gnoll hits you but does no damage.
The gnoll hits you from afar with a +0 halberd.
The gnoll hits you with a +0 club.
* * * LOW HITPOINT WARNING * * *
You are too injured to fight recklessly!
Unknown command.
You are too injured to fight recklessly!
Unknown command.
You are too injured to fight recklessly!
Unknown command.
You are too injured to fight recklessly!
Unknown command.
You closely miss the gnoll. You headbutt the gnoll!
The gnoll is severely wounded.
You closely miss the kobold. You hit the endoplasm. You barely miss the gnoll.
The gnoll hits you with a +0 club.
* * * LOW HITPOINT WARNING * * *
You block the gnoll's attack. The kobold closely misses you.
The gnoll hits you with a +0 club.
* * * LOW HITPOINT WARNING * * *
You block the endoplasm's attack.
The gnoll hits you from afar with a +0 halberd.
You die...

.# ########.#
#........###
##.......#...
..........
#..gg..#
#...gg.#
#...@..#
#...JK.#
...^......#
....#.#$####
... #.#.# ..
#.#.# ^ # ..#
.##


You could see 4 gnolls, an endoplasm and a kobold.

Vanquished Creatures
  Terence (D:2)
  A worm (D:2)
  A dart slug (D:2)
  5 endoplasms
  A giant cockroach (D:2)
  3 goblins
  3 hobgoblins (D:1)
  A quokka (D:1)
  3 ball pythons
  A bat (D:2)
  A frilled lizard (D:1)
  4 kobolds
  3 rats
28 creatures vanquished.

Notes
Turn   | Place    | Note
-------+----------+-------------------------------------------
     0 | D:1      | Morbidden the Minotaur Fighter began the quest for the Orb.
     0 | D:1      | Reached XP level 1. HP: 19/19 MP: 0/0
   262 | D:1      | Reached XP level 2. HP: 24/27 MP: 1/1
   878 | D:2      | Found Qanuk's Weapon Shop.
   973 | D:2      | Found Huust's Weapon Shop.
  1035 | D:2      | Found a white marble altar of Elyvilon.
  1077 | D:2      | Noticed Terence
  1087 | D:2      | Killed Terence
  1088 | D:2      | Reached XP level 3. HP: 32/33 MP: 2/2
  1099 | D:2      | Found Romusik's Distillery.
  1107 | D:2      | Bought a potion of heal wounds for 55 gold pieces
  1107 | D:2      | Bought a potion of might for 44 gold pieces
  1188 | D:2      | Found Utzyxt Teck's General Store.
  1667 | D:3      | Slain by a gnoll

Illustrated notes

Levels and vault maps discovered:
D:1:      minmay_arrival_up_and_down, layout_loops_ring
D:2:      layout_basic, serial_shops, shop, nicolae_shop_waterfront,
          nicolae_shop_tiny_real_fake_doors, shop, basic_altar, uniq_terence
D:3:      layout_rooms, lemuel_tele_altar, basic_ecumenical_altar,
          minmay_misc_feat_hallway, lemuel_flame_loot_1

Skill      XL: |  1  2 |
---------------+-------+-----
Fighting       | 4 |  4.3
Armour         | 4 |  4.1
Shields        | 4 |  4.0
Axes           | 3 |  3.0
Dodging        | |  0.8
Shapeshifting  | |  0.2

Action                     || total
---------------------------++-------
  Melee: War axe           ||    63
         Headbutt          ||    10
 Armour: Scale mail        ||    38
  Dodge: Dodged            ||    25
  Block: Buckler           ||    16

Table legend: (Time is in decaauts)
 A = Elapsed time spent in this place.
 B = Non-inter-level travel time spent in this place.
 C = Inter-level travel time spent in this place.
 D = Time resting spent in this place.
 E = Time spent auto-exploring this place.
 F = Levels seen in this place.
 G = Mean time per level.
                   A        B        C        D        E       F      G
               +--------+--------+--------+--------+--------+-----+--------+
         Total |   1691 |   1636 |     55 |      0 |   1435 |   3 |  563.7 |
       Dungeon |   1691 |   1636 |     55 |      0 |   1435 |   3 |  563.7 |
               +--------+--------+--------+--------+--------+-----+--------+

Top non-repeatable levels by time:
     D:2: 861 daAuts
     D:1: 823 daAuts
     D:3: 6 daAuts
